 Dungeon Crawl Stone Soup version 0.28-a0-537-g3bccd9ccbf (webtiles) character file.

Game seed: 16410419804251496432

108034 robertstho the Eclecticist (level 17, -12/119 HPs)
             Began as a Djinni Fire Elementalist on Sept 27, 2021.
             Was the Champion of Makhleb.
             Mangled by a naga warrior (14 damage)
             ... on level 3 of the Snake Pit.
             The game lasted 01:03:37 (33684 turns).

robertstho the Eclecticist (DjFE)                  Turns: 33684, Time: 01:03:37

Health: -12/119    AC: 22    Str:  8    XL:     17   Next: 3%
Gold:   1344       EV:  9    Int: 23    God:    Makhleb [******] SH:  5 Dex: 19

rFire   + + +      SeeInvis .   L - +7 glaive "Taeskoott" {vorpal, *Noise rC+ Str+3}
rCold   + + .      Faith    .   (shield currently unavailable)
rNeg    + . .      Spirit   .   D - quicksilver dragon scales
rPois   ∞          Reflect  +   y - +0 helmet
rElec   +          Harm     .   R - scarf {rC+ rF+}
rCorr   .          Rampage  .   q - +0 pair of gloves
Will    ++...                   (boots unavailable)
Stlth   ++........              t - amulet of reflection
HPRegen 0.29/turn               S - ring "Zourocs" {rElec rC+ rN+ Dex+4}
MPRegen 0.00/turn               o - +4 ring of protection

@: about to teleport, flying, constricted, studying Shields
A: sickness immunity, fire resistance 2, cold vulnerability 1, float, innate
caster, hp casting, extra vitality 1, iridescent scales 2, weak 1, subdued magic
1
a: Renounce Religion, Minor Destruction, Lesser Servant of Makhleb, Major
Destruction, Greater Servant of Makhleb


You were on level 3 of the Snake Pit.
You worshipped Makhleb.
Makhleb was exalted by your worship.
You visited 5 branches of the dungeon, and saw 25 of its levels.
You also visited: Gauntlet.

You collected 2134 gold pieces.
You spent 790 gold pieces at shops.

Inventory:

Hand Weapons
 i - the +1 quarterstaff "Grom" {speed, +Blink rF- Str+6}
   (You bought it in a shop on level 10 of the Dungeon)

   Attacks with this weapon are significantly faster.
   Str:       It affects your strength (+6).
   rF:        It makes you vulnerable to fire.
   +Blink:    It lets you blink.
 L - the +7 glaive "Taeskoott" (weapon) {vorpal, *Noise rC+ Str+3}
   (You bought it in a shop on level 2 of the Orcish Mines)

   It inflicts extra damage upon your enemies.
   Str:       It affects your strength (+3).
   rC:        It protects you from cold.
   *Noise:    It may make noises in combat.
 Z - the +9 quarterstaff of Imminent Death {vorpal, *Rage Drain rCorr Str+6}
   (You bought it in a shop on level 2 of the Orcish Mines)

   It inflicts extra damage upon your enemies.
   Str:       It affects your strength (+6).
   *Rage:     It lets you go berserk by making a melee attack (+20% chance).
   rCorr:     It protects you from acid and corrosion.
   Drain:     It drains your maximum health when unequipped.
Armour
 q - a +0 pair of gloves (worn)
 y - a +0 helmet (worn)
 D - quicksilver dragon scales (worn)
 R - a scarf of resistance (worn)
Jewellery
 a - a +6 ring of intelligence
 b - a ring of willpower
 f - a ring of wizardry
 o - a +4 ring of protection (right hand)
 t - an amulet of reflection (around neck)
 O - the ring "Tokla" {rC+ rN+}
   (You found it in a Gauntlet)

   [ring of protection from cold]

   rC:        It protects you from cold.
   rN:        It protects you from negative energy.
 P - a ring of protection from fire
 S - the ring "Zourocs" (left hand) {rElec rC+ rN+ Dex+4}
   (You took it off a minotaur in a Gauntlet)

   [ring of protection from cold]

   Dex:       It affects your dexterity (+4).
   rC:        It protects you from cold.
   rElec:     It insulates you from electricity.
   rN:        It protects you from negative energy.
Wands
 c - a wand of flame (27)
 j - a wand of paralysis (8)
 z - a wand of mindburst (21)
 B - a wand of iceblast (37)
 I - a wand of polymorph (11)
 T - a wand of charming (12)
 U - a wand of digging (4)
 V - a wand of acid (22)
Scrolls
 g - 6 scrolls of teleportation
 k - 7 scrolls of enchant armour
 s - 3 scrolls of fog
 v - a scroll of immolation
 w - a scroll of summoning
 x - 2 scrolls of enchant weapon {unknown}
 F - a scroll of vulnerability
 H - 3 scrolls of silence
 N - a scroll of magic mapping
 Q - a scroll of torment
 X - a scroll of brand weapon
 Y - a scroll of holy word
Potions
 d - 5 potions of curing
 e - 6 potions of haste
 h - 5 potions of attraction
 l - 2 potions of berserk rage {unknown}
 m - 4 potions of might {unknown}
 n - 2 potions of invisibility {unknown}
 u - 2 potions of flight {unknown}
 C - 2 potions of ambrosia
 E - 2 potions of cancellation
 J - 3 potions of brilliance
 K - a potion of lignification {unknown}
 M - 2 potions of resistance {unknown}
Miscellaneous
 p - a box of beasts


   Skills:
 * Level 10.1 Fighting
 + Level 1.1 Short Blades
 + Level 0.2(0.4) Polearms
 + Level 0.6(0.7) Staves
 + Level 6.2 Armour
 + Level 4.4 Dodging
 + Level 3.5 Stealth
 + Level 0.2 Shields
 * Level 18.9 Spellcasting
 * Level 9.4 Invocations


You had 10 spell levels left.
You knew the following spells:

 Your Spells              Type           Power      Damage    Failure   Level
a - Foxfire               Conj/Fire      100%       2x1d9     0%          1
b - Scorch                Fire           100%       2d10      0%          2
c - Conjure Flame         Conj/Fire      71%        6-21      0%          3
d - Inner Flame           Hex/Fire       71%        N/A       0%          3
e - Flame Wave            Conj/Fire      71%        3d12      0%          4
f - Shock                 Conj/Air       100%       1d9       0%          1
g - Passwall              Tmut/Erth      59%        N/A       0%          2
h - Blink                 Tloc           N/A        N/A       0%          2
i - Tukima's Dance        Hex            71%        N/A       0%          3
j - Borgnjor's Vile Clut  Necr/Erth      35%        N/A       1%          5
k - Summon Mana Viper     Hex/Summ       71%        N/A       1%          5
l - Starburst             Conj/Fire      35%        6d10      1%          6
m - Iron Shot             Conj/Erth      35%        9d7       1%          6
Your spell library was empty.

Dungeon Overview and Level Annotations

Branches:
Dungeon (13/15)            Temple (1/1) D:6            Lair (6/6) D:11
 Shoals (0/4) Lair:3        Snake (3/4) Lair:4        Slime (0/5) Lair:5
    Orc (2/2) D:12            Elf (0/3) Orc:2       Gauntlet (visited)
 Vaults: D:13-14

Altars:
Ashenzari
Cheibriados
Dithmenos
Elyvilon
Fedhas
Gozag
Hepliaklqana
Kikubaaqudgha
Makhleb
Nemelex Xobeh
Okawaru
Qazlal
Ru
Sif Muna
Trog
Uskayaw
Vehumet
Wu Jian
Xom
Yredelemnul
Zin
The Shining One
Beogh

Shops:
D:2 (   D:7 (   D:10 (   D:11 *   Orc:2 [:(

Annotations:
D:9 2 transporters, Shayle's ghost, novice DjWr


Innate Abilities, Weirdness & Mutations

You are immune to sickness and miasma.
You are immune to poison.
Your flesh is very heat resistant. (rF++)
You are vulnerable to cold. (rC-)
You float through the air rather than walking.
You learn spells naturally, not from books.
Your magical power is your life essence.
You have superior vitality. (+4 HP)
You are mostly covered in iridescent scales. (AC +4)
You are weak. (Str -2)
Your spells are a little easier to cast, but a little less powerful.


Message History

The salamander hits you but does no damage.
The salamander mystic hits you but does no damage.
The naga warrior hits you but does no damage.
You block the naga warrior's attack. The naga warrior constricts you.
The salamander throws a stone.
The stone hits you.
Unknown command.
As you read the scroll of teleportation, it crumbles to dust.
You feel strangely unstable.
The salamander hits you but does no damage.
The salamander mystic hits you with a +2 vorpal quarterstaff!
You are engulfed in flames.
You resist.
* * * LOW HITPOINT WARNING * * *
x2 The salamander hits you but does no damage.
The naga warrior closely misses you. The naga warrior spits poison at you.
The splash of poison hits you but does no damage.
You resist. The naga warrior constricts you.
* * * LOW HITPOINT WARNING * * *
The naga warrior's grasp on you weakens, but your attempt to escape fails.
The salamander hits you but does no damage.
The salamander mystic casts a spell at you.
The lance of force reflects off an invisible shield around you!
The lance of force hits the salamander mystic!!
The salamander mystic is knocked back by the lance of force.
The naga warrior hits you with a +0 hand axe.
* * * LOW HITPOINT WARNING * * *
The naga warrior roars a battlecry!
The naga warrior goes into a battle-frenzy!
The naga warrior constricts you.
The salamander throws a stone.
The stone hits you but does no damage.
You feel better. You block the salamander's attack. The salamander hits you!!
* * * LOW HITPOINT WARNING * * *
You are engulfed in flames.
You resist.
* * * LOW HITPOINT WARNING * * *
The naga warrior hits you with a +0 trident.
* * * LOW HITPOINT WARNING * * *
The naga warrior constricts you.
* * * LOW HITPOINT WARNING * * *
The naga warrior hits you with a +0 hand axe!
You die...

#......<#
##.....## ##....
##.... ####......
######.........
..#..............
.......NN.......#
...N....@).....#
.....#.))N....##
..####..NS)....#
. #.N).......
......##+#+
##'#.### ...).
#.....


You could see 2 naga warriors, a salamander mystic (strong), 2 salamanders, a
black mamba and a naga (strong).

Vanquished Creatures
  Nikola (Lair:4)
  Rupert (Lair:4)
  Gastronok (Lair:1)
  An orc warlord (Orc:2)
  A boulder beetle (D:12)
  5 hydras
  2 naga warriors (Snake:1)
  Erica (Orc:2)
  3 ogre magi (Orc:2)
  7 anacondas
  15 two-headed ogres
  5 death yaks (Lair:6)
  3 shock serpents
  A naga sharpshooter (Snake:1)
  Sonja (Lair:4)
  Nergalle (Orc:1)
  A salamander mystic (Snake:3)
  A goliath frog (Lair:6)
  2 deep trolls (Orc:2)
  3 naga ritualists
  Pikel (D:9)
  3 orc knights
  5 mana vipers
  2 orc sorcerers
  A wolf spider (D:13)
  A shining eye (Gauntlet)
  A deep elf pyromancer (D:12)
  2 cyclopes (Orc:2)
  5 salamanders
  A manticore (Lair:3)
  An ugly thing (D:12)
  8 elephants
  22 black mambas
  3 guardian serpents
  2 torpor snails
  3 naga magi
  23 cane toads
  2 gargoyles
  An unseen horror (D:12)
  A rime drake (Lair:5)
  10 komodo dragons
  11 trolls
  A polar bear (Lair:4)
  3 tyrant leeches (Lair:6)
  A wind drake (Lair:3)
  A raiju (Gauntlet)
  3 hornets
  20 blink frogs
  A raiju (shapeshifter) (D:12)
  A meliai zombie (D:11)
  A vampire (D:8)
  5 shadows (Gauntlet)
  45 yaks
  Eustachio (D:6)
  A wraith (D:9)
  5 wyverns
  Grum (D:10)
  5 basilisks
  7 vampire mosquitoes
  2 steam dragons (Gauntlet)
  5 wargs
  2 acid dragons
  17 nagas
  19 water moccasins
  A floating eye (Gauntlet)
  16 orc warriors
  An ice beast (D:6)
  A sky beast (D:6)
  3 black bears
  3 necrophages (D:11)
  26 ogres
  2 phantoms
  11 wolves
  9 centaurs
  5 kobold brigands
  20 bullfrogs
  2 gnoll sergeants (D:12)
  3 killer bees (D:10)
  5 wights
  An electric eel (Lair:6)
  2 howler monkeys
  4 centaur zombies
  A bullfrog zombie (D:5)
  Crazy Yiuf (D:6)
  3 hounds
  A jelly (D:6)
  11 orc priests
  A centaur skeleton (D:6)
  A gnoll shaman (D:5)
  An iguana (D:5)
  14 orc wizards
  11 hell rats
  A killer bee zombie (D:6)
  A mummy (D:11)
  A howler monkey zombie (D:8)
  13 gnolls
  5 adders
  12 river rats
  2 white imps
  2 worms
  60 orcs
  3 endoplasms
  6 giant cockroaches
  9 goblins
  10 hobgoblins
  6 jackals
  22 kobolds
  9 quokkas
  3 training dummies (D:7)
  9 ball pythons
  3 bats
  2 frilled lizards (D:1)
  21 rats
672 creatures vanquished.

Vanquished Creatures (collateral kills)
  A minotaur (Gauntlet)
  A salamander tyrant (Snake:2)
  A boulder beetle (Lair:4)
  2 two-headed ogres
  A death yak (Lair:6)
  A naga sharpshooter (Snake:1)
  A salamander (Snake:2)
  A cane toad (Lair:6)
  4 slime creatures
  3 blink frogs
  A shadow (Gauntlet)
  A yak (Lair:4)
  3 nagas
  A water moccasin (Lair:2)
  An orc warrior (Orc:2)
  An ogre (Orc:2)
  A bullfrog (Lair:6)
  2 jellies (Lair:5)
  2 orc wizards (Orc:2)
  3 orcs
  2 kobolds (D:8)
  3 foxfires
37 creatures vanquished.

Vanquished Creatures (others)
  3 naga magi (Snake:1)
  6 dancing weapons
  4 nagas (Snake:1)
  733 foxfires
  32 fungi
  118 plants
  A withered plant (D:11)
897 creatures vanquished.

Grand Total: 1606 creatures vanquished

Notes
Turn   | Place    | Note
-------+----------+-------------------------------------------
     0 | D:1      | robertstho the Djinni Fire Elementalist began the quest for
                  | the Orb.
     0 | D:1      | Reached XP level 1. HP: 15/15 MP: 0/0
   172 | D:1      | Gained mutation: You are partially covered in iridescent
                  | scales. (AC +2) [potion of mutation]
   172 | D:1      | Gained mutation: You are mostly covered in iridescent
                  | scales. (AC +4) [potion of mutation]
   489 | D:1      | Reached XP level 2. HP: 20/21 MP: 0/0
   966 | D:1      | Reached skill level 3 in Spellcasting
   967 | D:1      | Reached XP level 3. HP: 17/26 MP: 0/0
   967 | D:1      | Learned a level 1 spell: Shock
  1467 | D:1      | You are sucked into a shaft and drop 1 floor!
  1481 | D:2      | Found Vogathri's Weapon Shoppe.
  1487 | D:2      | Found a faded altar of an unknown god.
  1639 | D:2      | You are sucked into a shaft and drop 1 floor!
  2036 | D:3      | Reached XP level 4. HP: 12/31 MP: 0/0
  3061 | D:2      | Reached skill level 1 in Fighting
  3329 | D:4      | Reached XP level 5. HP: 35/37 MP: 0/0
  3329 | D:4      | Learned a level 2 spell: Passwall
  3453 | D:4      | Reached skill level 4 in Spellcasting
  3906 | D:4      | Noticed a black bear
  3913 | D:4      | Killed a black bear
  3914 | D:4      | Reached XP level 6. HP: 27/43 MP: 0/0
  4732 | D:5      | Entered Level 5 of the Dungeon
  4739 | D:5      | Reached skill level 5 in Spellcasting
  4831 | D:5      | Noticed an ogre
  4837 | D:5      | Killed an ogre
  4838 | D:5      | Reached XP level 7. HP: 41/48 MP: 0/0
  4838 | D:5      | Learned a level 2 spell: Blink
  5584 | D:5      | Reached skill level 6 in Spellcasting
  6757 | D:6      | Reached XP level 8. HP: 46/55 MP: 0/0
  7089 | D:6      | Noticed Eustachio
  7097 | D:6      | Killed Eustachio
  7278 | D:6      | Reached skill level 7 in Spellcasting
  7563 | D:6      | Found a staircase to the Ecumenical Temple.
  7636 | Temple   | Entered the Ecumenical Temple
  7642 | Temple   | Became a worshipper of Makhleb the Destroyer
  7697 | D:6      | Reached XP level 9. HP: 57/61 MP: 0/0
  7697 | D:6      | Learned a level 3 spell: Tukima's Dance
  7733 | D:6      | Found a runed translucent door.
  7734 | D:6      | Noticed Crazy Yiuf
  8098 | D:6      | Killed Crazy Yiuf
  8524 | D:7      | Found Xaddics's Firing Range.
  8605 | D:7      | Reached skill level 8 in Spellcasting
  8687 | D:7      | Reached skill level 1 in Invocations
  9359 | D:8      | Noticed a gargoyle
  9367 | D:8      | Killed a gargoyle
  9368 | D:8      | Reached skill level 1 in Armour
  9401 | D:8      | Noticed a two-headed ogre
  9412 | D:8      | Reached * piety under Makhleb
  9418 | D:8      | Killed a two-headed ogre
  9419 | D:8      | Reached skill level 9 in Spellcasting
  9419 | D:8      | Reached XP level 10. HP: 23/69 MP: 0/0
  9682 | D:8      | Noticed a two-headed ogre
  9697 | D:8      | Killed a two-headed ogre
 10632 | D:8      | Found a shimmering altar of Xom.
 10635 | D:8      | Found an iron altar of Okawaru.
 10779 | D:9      | Noticed a two-headed ogre
 10787 | D:9      | Killed a two-headed ogre
 10788 | D:9      | Reached skill level 5 in Fighting
 10788 | D:9      | Reached skill level 10 in Spellcasting
 11154 | D:9      | Noticed Shayle's ghost (novice DjWr)
 11167 | D:9      | Found a transporter.
 11170 | D:9      | Found a transporter.
 11220 | D:9      | Noticed Pikel
 11532 | D:9      | Killed Pikel
 11533 | D:9      | Reached XP level 11. HP: 65/75 MP: 0/0
 11533 | D:9      | Learned a level 5 spell: Borgnjor's Vile Clutch
 11794 | D:9      | Reached skill level 11 in Spellcasting
 12064 | D:9      | Found a bloodstained altar of Trog.
 12190 | D:10     | Entered Level 10 of the Dungeon
 12193 | D:10     | Reached ** piety under Makhleb
 12194 | D:10     | Noticed Grum
 12201 | D:10     | Killed Grum
 12387 | D:10     | Reached skill level 1 in Short Blades
 12571 | D:10     | Noticed a two-headed ogre
 12575 | D:10     | Killed a two-headed ogre
 12627 | D:10     | Found Leuterarr's Antique Weapon Boutique.
 12633 | D:10     | Bought a steaming quarterstaff for 216 gold pieces
 12633 | D:10     | Identified the +1 quarterstaff "Grom" {speed, +Blink rF-
                  | Str+6} (You bought it in a shop on level 10 of the Dungeon)
 12937 | D:10     | Reached skill level 5 in Invocations
 13501 | D:11     | Found Voucuiz's Overcharged Wands.
 13516 | D:11     | Noticed a two-headed ogre
 13527 | D:11     | Killed a two-headed ogre
 13528 | D:11     | Reached skill level 12 in Spellcasting
 13685 | D:11     | Reached XP level 12. HP: 57/83 MP: 0/0
 13934 | D:11     | Found a staircase to the Lair.
 14148 | D:12     | Noticed a two-headed ogre
 14158 | D:12     | Killed a two-headed ogre
 14408 | Lair:1   | Entered Level 1 of the Lair of Beasts
 15053 | Lair:1   | Reached *** piety under Makhleb
 15067 | Lair:1   | Reached skill level 13 in Spellcasting
 15338 | Lair:1   | Noticed Gastronok
 15349 | Lair:1   | Killed Gastronok
 16147 | Lair:2   | Reached XP level 13. HP: 88/89 MP: 0/0
 16147 | Lair:2   | Learned a level 5 spell: Summon Mana Viper
 16218 | Lair:2   | You are sucked into a shaft and drop 1 floor!
 16229 | Lair:3   | Reached **** piety under Makhleb
 16479 | Lair:3   | Found a staircase to the Shoals.
 16990 | Lair:3   | Reached skill level 14 in Spellcasting
 17549 | Lair:4   | Found a gate leading to a gauntlet.
 17565 | Lair:4   | Noticed Sonja
 17569 | Lair:4   | Killed Sonja
 17573 | Gauntlet | Entered a Gauntlet
 17573 | Gauntlet | Found a transporter.
 17573 | Gauntlet | Found a transporter.
 17744 | Gauntlet | Found a transporter.
 17747 | Gauntlet | Found a transporter.
 17755 | Gauntlet | Found a transporter.
 17759 | Gauntlet | Found a transporter.
 17767 | Gauntlet | Found a transporter.
 17789 | Gauntlet | Found a transporter.
 17806 | Gauntlet | Found a transporter.
 17810 | Gauntlet | Found a transporter.
 17821 | Gauntlet | Found a transporter.
 17822 | Gauntlet | Found a transporter.
 17891 | Gauntlet | Identified the ring "Tokla" {rC+ rN+}
 18132 | Gauntlet | Gained mutation: Your spells are a little easier to cast,
                  | but a little less powerful. [a shining eye]
 18133 | Gauntlet | Gained mutation: You are weak. (Str -2) [a shining eye]
 18336 | Gauntlet | Identified the ring "Zourocs" {rElec rC+ rN+ Dex+4}
 18336 | Gauntlet | Noticed a minotaur
 18344 | Gauntlet | Killed a minotaur
 18449 | Gauntlet | Identified the +1 ring mail of Hubris {rElec Dex+3}
 18593 | Lair:4   | Reached ***** piety under Makhleb
 18693 | Lair:4   | Found a staircase to the Snake Pit.
 18767 | Lair:4   | Noticed a six-headed hydra
 18774 | Lair:4   | Killed a six-headed hydra
 18878 | Lair:4   | Reached skill level 15 in Spellcasting
 18887 | Lair:4   | Noticed a boulder beetle
 18893 | Lair:4   | Noticed Rupert
 18907 | Lair:4   | Killed a boulder beetle
 18908 | Lair:4   | Reached XP level 14. HP: 42/97 MP: 0/0
 19348 | Lair:4   | Found an opulent altar of Gozag.
 19348 | Lair:4   | You are sucked into a shaft and drop 1 floor!
 19410 | Lair:4   | Killed Rupert
 20385 | Lair:5   | Found a staircase to the Slime Pits.
 20993 | Lair:6   | Entered Level 6 of the Lair of Beasts
 21349 | Lair:6   | Reached skill level 16 in Spellcasting
 21714 | Lair:6   | Reached skill level 5 in Armour
 21990 | Lair:6   | Found a glowing golden altar of the Shining One.
 22523 | Lair:6   | Reached XP level 15. HP: 22/104 MP: 0/0
 22523 | Lair:6   | Learned a level 6 spell: Starburst
 25104 | D:12     | Reached skill level 17 in Spellcasting
 25488 | D:12     | Found a staircase to the Orcish Mines.
 26000 | D:13     | Reached ****** piety under Makhleb
 26353 | Orc:1    | Entered Level 1 of the Orcish Mines
 26554 | Orc:1    | Noticed Nergalle
 26565 | Orc:1    | Killed Nergalle
 26765 | Orc:2    | Entered Level 2 of the Orcish Mines
 27749 | Orc:2    | Found Tadeodgh's Armour Emporium.
 27756 | Orc:2    | Found Fauroufo's General Store.
 27765 | Orc:2    | Found Siwetz's Book Shoppe.
 27766 | Orc:2    | Found Wubusmedghu's Antique Weapon Shoppe.
 27778 | Orc:2    | Bought a fading glaive for 322 gold pieces
 27778 | Orc:2    | Identified the +7 glaive "Taeskoott" {vorpal, *Noise rC+
                  | Str+3} (You bought it in a shop on level 2 of the Orcish
                  | Mines)
 27778 | Orc:2    | Bought an ivory quarterstaff for 252 gold pieces
 27778 | Orc:2    | Identified the +9 quarterstaff of Imminent Death {vorpal,
                  | *Rage Drain rCorr Str+6} (You bought it in a shop on level
                  | 2 of the Orcish Mines)
 27791 | Orc:2    | Reached XP level 16. HP: 93/112 MP: 0/0
 28900 | Orc:2    | Found a staircase to the Elven Halls.
 29226 | Orc:1    | Noticed Erica
 29244 | Orc:2    | Killed Erica
 29838 | Snake:1  | Entered Level 1 of the Snake Pit
 29838 | Snake:1  | Noticed Nikola
 29842 | Snake:1  | Reached skill level 18 in Spellcasting
 30095 | Lair:4   | Killed Nikola
 32974 | Snake:2  | Reached skill level 10 in Fighting
 33678 | Snake:3  | Reached XP level 17. HP: 85/119 MP: 0/0
 33678 | Snake:3  | Learned a level 6 spell: Iron Shot
 33684 | Snake:3  | HP: 2/119 [constriction (6)]
 33684 | Snake:3  | Mangled by a naga warrior

Illustrated notes

Levels and vault maps discovered:
D:1:      pf_arrival_petrified_forest, layout_loops_ring
D:2:      wander_river, layout_basic, serial_shops, shop,
          ebering_ecumenical_altar_webs, kennysheep_generic_room_6
D:3:      layout_rooms
D:4:      kennysheep_goblin_castle, layout_basic, ebering_dispersal_statue_hall,
          kennysheep_generic_room_14
D:5:      lemuel_ratsnest, layout_basic, minmay_misc_feat_cross
D:6:      layout_loops_ring, minmay_temple_entry_poolview, minmay_between,
          uniq_eustachio, uniq_crazy_yiuf_cottage
D:7:      layout_basic, serial_rivers, chequers_serial_rivers_micro_e,
          chequers_serial_rivers_marsh, chequers_serial_rivers_micro_b,
          chequers_serial_rivers_micro_e, chequers_serial_rivers_large_a,
          nicolae_shop_firing_range
D:8:      layout_basic, minitemple
D:9:      layout_cave_pools, kennysheep_little_box, gammafunk_ghost_hive,
          corexii_leaking_fountain, uniq_pikel
D:10:     layout_loops_ring, serial_shops, nicolae_stop_n_shop_1, uniq_grum
D:11:     layout_rooms, serial_undead, serial_undead_e, serial_undead_a,
          serial_undead_b, serial_undead_d, nicolae_shop_overcharged_wands
D:12:     layout_basic, kennysheep_orc_monster_closet_entryway,
          serial_corexii_hall, chequers_hall_statues_corner_a,
          corexii_hall_statues_x
D:13:     minmay_dotted_concentric_squares, layout_basic, ebering_ghost_xom,
          st_stairs_2
Temple:   nicolae_temple_no_exploring_needed
Lair:1:   layout_regular_city, lemuel_fruit_tree, uniq_gastronok
Lair:2:   layout_chaotic_city, nicolae_quartered_pool_super,
          serial_bayou_shore_a
Lair:3:   layout_big_grid, minmay_shoals_entry_beasts,
          kennysheep_abandoned_house
Lair:4:   layout_cave_shapes, minmay_snake_entry_guardpost_large,
          gauntlet_entry_generic, basic_altar, nzn_sisyphean_effort,
          uniq_rupert, uniq_sonja
Lair:5:   layout_loops_ring, minmay_slime_entry_pillars
Lair:6:   minmay_lair_end_frog_pond, layout_layer_cave, basic_altar
Snake:1:  layout_rooms, uniq_nikola
Snake:2:  layout_gridlike
Snake:3:  layout_layer_cave, grunt_megastairs_3, serial_bayou_shore_b,
          minmay_shoptagon
Orc:1:    layout_caves, uniq_nergalle, uniq_erica
Orc:2:    st_orc_open, layout_caves, mines2_david

Skill      XL: |  1  2  3  4  5  6  7  8  9 10 11 12 13 14 15 16 |
---------------+-------------------------------------------------+-----
Spellcasting   | 3 4 5 6 7 9 10 12 13 15 16 17 18 | 18.9
Fighting       | 1 2 3 4 5 6 7 8 9 10 | 10.1
Stealth        | 2 3 |  3.5
Invocations    | 2 3 5 6 7 8 9 |  9.4
Armour         | 1 2 3 4 5 6 |  6.2
Dodging        | 3 4 |  4.4
Short Blades   | 1 |  1.1
Polearms       | |  0.2
Staves         | |  0.6
Shields        | |  0.2

Action                   |  1- 3 |  4- 6 |  7- 9 | 10-12 | 13-15 | 16-18 || total
-------------------------+-------+-------+-------+-------+-------+-------++-------
Melee: Unarmed           |     7 |       |       |       |       |       ||     7
       Short sword       |     3 |       |       |    32 |       |       ||    35
       Dagger            |       |    17 |    16 |    10 |       |       ||    43
       Quarterstaff      |       |       |       |     9 |    19 |       ||    28
       Glaive            |       |       |       |       |       |     1 ||     1
 Cast: Foxfire           |    20 |    38 |    15 |   112 |   151 |    85 ||   421
       Scorch            |    35 |    41 |   120 |    58 |   115 |    41 ||   410
       Flame Wave        |       |       |     8 |    13 |    28 |     3 ||    52
       Tukima's Dance    |       |       |     9 |    22 |     1 |    24 ||    56
       Blink             |       |       |       |     1 |       |       ||     1
       Borgnjor's Vile C |       |       |       |    81 |   240 |   123 ||   444
       Summon Mana Viper |       |       |       |       |    15 |     7 ||    22
       Starburst         |       |       |       |       |    36 |    40 ||    76
  Use: Potion            |     2 |       |       |       |     3 |     5 ||    10
       Scroll            |       |       |       |    10 |    13 |     5 ||    28
 Stab: Sleeping          |       |       |     1 |       |     1 |       ||     2
Armor: Robe              |     5 |    24 |    22 |       |       |       ||    51
       Quicksilver drago |       |       |    11 |   104 |   123 |    66 ||   304
Dodge: Dodged            |    26 |    29 |    57 |    76 |   136 |    65 ||   389
Block: Other             |       |       |       |       |       |    16 ||    16
       Reflection        |       |       |       |       |       |     2 ||     2

Table legend: (Time is in decaauts)
 A = Elapsed time spent in this place.
 B = Non-inter-level travel time spent in this place.
 C = Inter-level travel time spent in this place.
 D = Time resting spent in this place.
 E = Time spent auto-exploring this place.
 F = Levels seen in this place.
 G = Mean time per level.
                   A        B        C        D        E       F      G
               +--------+--------+--------+--------+--------+-----+--------+
         Total |  33762 |  32557 |   1205 |   6019 |  22932 |  26 | 1298.5 |
       Dungeon |  16336 |  15670 |    666 |   1900 |  12262 |  13 | 1256.6 |
        Temple |     12 |      6 |      6 |      0 |      0 |   1 |   12.0 |
          Lair |  10562 |  10139 |    423 |   2359 |   6625 |   6 | 1760.3 |
     Snake Pit |   2557 |   2528 |     29 |      0 |   2184 |   3 |  852.3 |
  Orcish Mines |   3336 |   3257 |     79 |   1425 |   1437 |   2 | 1668.0 |
      Gauntlet |    957 |    957 |      0 |    335 |    424 |   1 |  957.0 |
               +--------+--------+--------+--------+--------+-----+--------+

Top non-repeatable levels by time:
  Lair:4: 2589 daAuts
  Lair:6: 2207 daAuts
    D:12: 1926 daAuts
   Orc:2: 1891 daAuts
  Lair:5: 1860 daAuts
     D:5: 1783 daAuts
     D:4: 1634 daAuts
  Lair:3: 1604 daAuts
     D:7: 1597 daAuts
     D:6: 1590 daAuts
     D:1: 1466 daAuts
   Orc:1: 1445 daAuts
  Lair:1: 1430 daAuts
 Snake:2: 1347 daAuts
    D:11: 1229 daAuts
